 Dungeon Crawl Stone Soup version 0.31-a0-986-g5e6e4ef867 (webtiles) character file.

Game seed: 14856244315596168404

110 LeprechaunX the Changeling (level 4, -5/29 HPs)
             Began as an Octopode Shapeshifter on Nov 20, 2023.
             Slain by a sleepcap (16 damage)
             ... on level 3 of the Dungeon.
             The game lasted 00:02:02 (1757 turns).

LeprechaunX the Changeling (Octopode Shapeshifter)  Turns: 1757, Time: 00:02:02

Health: -5/29      AC:  1    Str: 13    XL:     4   Next: 91%
Magic:  4/4        EV:  2    Int: 12    God:
Gold:   42         SH:  0    Dex: 13    Spells: 3/3 levels left

rFire   . .          .
                       - Unarmed
rCold   . . .        (no shield)
rNeg    . . .        (helmet currently unavailable)
rPois   .            (no amulet)
rElec   .            h - ring of flight
rCorr   .            (no ring)
SInv    .            (no ring)
Will    .....        (no ring)
Stlth   ++           (no ring)
HPRegen 0.24/turn    (no ring)
MPRegen 0.09/turn    (no ring)
                     (no ring)

%: no passive effects
@: beast-form, sleeping, flying
A: beast (slay +2), almost no armour, amphibious, 8 rings, camouflage 1,
gelatinous body 1, (nimble swimmer 1), tentacles
a: Begin Untransformation


You were on level 3 of the Dungeon.
You were a hulking beast.
You visited 1 branch of the dungeon, and saw 3 of its levels.

You collected 62 gold pieces.
You spent 20 gold pieces at shops.

Inventory:

Hand Weapons
 a - a +0 sling
Missiles
 d - 3 javelins
Jewellery
 h - a ring of flight (left tentacle)
Talismans
 b - a beast talisman
 c - a flux talisman
Wands
 g - a wand of acid (2)
Scrolls
 e - 2 scrolls of identify
Potions
 f - a potion of ambrosia {unknown}
 i - 2 potions of heal wounds {unknown}
 j - 2 potions of curing {unknown}
 k - a potion of lignification


   Skills:
 + Level 2.1 Fighting
 + Level 1.3 Throwing
 - Level 2.0 Dodging
 + Level 3.5 Unarmed Combat
 + Level 0.7 Evocations
 * Level 4.0 Shapeshifting


You had 3 spell levels left.
You didn't know any spells.
Your spell library was empty.

Dungeon Overview and Level Annotations

Branches:
Dungeon (3/15)

Altars:

Shops:
D:1 *


Innate Abilities, Weirdness & Mutations

You are a hulking beast.
Your limbs bulge with bestial killing power. (Slay +2)
You cannot wear most types of armour.
You are amphibious.
You can wear up to eight rings at the same time.
Your skin changes colour to match your surroundings (Stealth+).
Your rubbery body absorbs attacks. (AC +1, EV +1)
((You are camouflaged when in or above water. (Stealth+)))
You have tentacles for arms and can constrict up to eight enemies at once.


Message History

The frilled lizard unfolds its giant frill.
You miss the adder. Your grab misses the adder. The adder bites you.
You closely miss the adder. Your grab misses the adder.
You squeeze the adder, but do no damage.
The adder misses you. The adder bites you.
You tentacle-slap the adder. Your grab misses the adder.
Your tentacle-slap misses the adder.
You squeeze the adder.
The adder is severely wounded.
The adder barely misses you. The frilled lizard closely misses you.
You completely miss the adder. You grab the adder. You squeeze the adder.
You kill the adder!
Your Shapeshifting skill increases to level 4!
You tentacle-slap the frilled lizard.
You kill the frilled lizard!
A sleepcap comes into view.
Found a scroll labelled KYSOWE MEANUDEXY.
The giant cockroach bites you.
You see here a frilled lizard corpse.
You tentacle-slap the giant cockroach. Your grab misses the giant cockroach.
The giant cockroach is severely wounded.
The giant cockroach waves its antennae.
The giant cockroach closely misses you.
You tentacle-slap the giant cockroach.
You kill the giant cockroach!
Found a dagger.
The helpless sleepcap fails to defend itself.
You tentacle-slap the sleepcap. You grab the sleepcap.
The sleepcap is lightly damaged.
You constrict the sleepcap, but do no damage.
The sleepcap releases spores at you.
You tentacle-slap the sleepcap but do no damage.
The sleepcap is lightly damaged.
You constrict the sleepcap, but do no damage.
The sleepcap releases spores at you!
You are engulfed in a cloud of soporific spores!
You fall asleep.
You lose your grip on the sleepcap.
The sleepcap releases spores at you!
Ouch! That really hurt!
You die...

....# .....<##.
?....#.. #.......
#...(.# #.....
####†##.#####
##.....#..f..##
##...††...h....#
#.<....†........#
#...............#
#...............#
#.........>...).#
#...............#
#...............#
##........!....##
##.....#.


You could see a sleepcap.

Vanquished Creatures
  4 adders
  3 dart slugs
  3 ball pythons (D:1)
  5 bats
  10 endoplasms
  3 giant cockroaches
  6 hobgoblins
  5 kobolds
  6 quokkas
  4 frilled lizards
  7 goblins
  4 rats (D:1)
60 creatures vanquished.

Notes
Turn   | Place    | Note
-------+----------+-------------------------------------------
     0 | D:1      | LeprechaunX the Octopode Shapeshifter began the quest for
                  | the Orb.
     0 | D:1      | Reached XP level 1. HP: 13/13 MP: 1/1
   111 | D:1      | Reached XP level 2. HP: 18/18 MP: 2/2
   418 | D:1      | Reached XP level 3. HP: 23/23 MP: 3/3
   735 | D:1      | Reached skill level 1 in Throwing
   791 | D:1      | Found Reasief's General Store.
   798 | D:1      | Bought a scroll of identify for 20 gold pieces
   899 | D:2      | Reached XP level 4. HP: 24/29 MP: 4/4
  1747 | D:3      | Reached skill level 4 in Shapeshifting
  1757 | D:3      | Slain by a sleepcap

Illustrated notes

Levels and vault maps discovered:
D:1:      lightli_arrival_maybe_door_vault, layout_loops_corners, serial_shops,
          shop
D:2:      layout_basic, st_stairs_11, grunt_ministairs_6,
          chequers_serial_rivers_small_b
D:3:      cheibrodos_old_hovel, layout_rooms, grunt_gozag_statues,
          grunt_temple_overflow_open

Skill      XL: |  1  2  3  4 |
---------------+-------------+-----
Throwing       | 1 |  1.3
Fighting       | 2 |  2.1
Shapeshifting  | 4 |  4.0
Dodging        | |  2.0
Unarmed Combat | |  3.5
Evocations     | |  0.7

Action                     |  1- 3 |  4- 6 || total
---------------------------+-------+-------++-------
  Melee: Unarmed           |    71 |    45 ||   116
         Constrict         |    16 |    12 ||    28
         Tentacles         |    10 |     9 ||    19
         Punch             |     2 |     2 ||     4
   Stab: Sleeping          |    10 |     2 ||    12
 Armour: Skin              |    21 |    23 ||    44
  Dodge: Dodged            |    44 |    17 ||    61

Table legend: (Time is in decaauts)
 A = Elapsed time spent in this place.
 B = Non-inter-level travel time spent in this place.
 C = Inter-level travel time spent in this place.
 D = Time resting spent in this place.
 E = Time spent auto-exploring this place.
 F = Levels seen in this place.
 G = Mean time per level.
                   A        B        C        D        E       F      G
               +--------+--------+--------+--------+--------+-----+--------+
         Total |   1748 |   1600 |    148 |      0 |   1264 |   3 |  582.7 |
       Dungeon |   1748 |   1600 |    148 |      0 |   1264 |   3 |  582.7 |
               +--------+--------+--------+--------+--------+-----+--------+

Top non-repeatable levels by time:
     D:1: 883 daAuts
     D:2: 845 daAuts
     D:3: 20 daAuts
